 Dungeon Crawl Stone Soup version 0.29.0-13-gc9e81de378 (webtiles) character file.

Game seed: 15135685500533703973

19 Quickbrownfox the Chiller (level 2, -1/19 HPs)
             Began as a Demonspawn Ice Elementalist on Sept 7, 2022.
             Was a Follower of Okawaru.
             Slain by a dart slug (2 damage)
             ... on level 2 of the Dungeon.
             The game lasted 00:01:31 (1145 turns).

Quickbrownfox the Chiller (DsIE)                    Turns: 1145, Time: 00:01:31

Health: -1/19      AC: 13    Str:  8    XL:     2   Next: 55%
Magic:  5/5        EV:  6    Int: 16    God:    Okawaru [*.....]
Gold:   55         SH:  7    Dex: 13    Spells: 4/5 levels left

rFire   . . .      SeeInvis .   g - +1 mace (protect)
rCold   . . .      Faith    .   c - +0 kite shield
rNeg    . . .      Spirit   .   e - +0 scale mail
rPois   .          Reflect  .   (no helmet)
rElec   .          Harm     .   (no cloak)
rCorr   .          Rampage  .   (no gloves)
Will    .....                   (no boots)
Stlth   ..........              (no amulet)
HPRegen 0.06/turn               (no ring)
MPRegen 0.09/turn               (no ring)

@: under a protective aura
A: hooves 1
a: Renounce Religion, Heroism


You were on level 2 of the Dungeon.
You worshipped Okawaru.
Okawaru was aware of your devotion.
You visited 1 branch of the dungeon, and saw 2 of its levels.

You collected 55 gold pieces.

Inventory:

Hand Weapons
 g - a +1 mace of protection (weapon)
Armour
 a - a +0 robe
 c - a +0 kite shield (worn)
 e - a +0 scale mail (worn)
Scrolls
 f - a scroll of noise {unknown}
Potions
 b - a potion of magic
 d - a potion of resistance {unknown}


   Skills:
 + Level 0.1 Fighting
 + Level 2.0 Dodging
 + Level 1.7 Stealth
 + Level 0.1 Unarmed Combat
 + Level 2.1 Spellcasting
 + Level 4.1 Ice Magic


You had 4 spell levels left.
You knew the following spells:

 Your Spells              Type           Power      Damage    Failure   Level
a - Freeze                Ice            56%        1d7       82%         1

Your spell library contained the following spells:

 Spells                   Type           Power      Damage    Failure   Level
 Frozen Ramparts          Ice            28%        1d5       99%         3
 Ozocubu's Armour         Ice            14%        N/A       99%         3
 Hailstorm                Conj/Ice       8%         3d4       100%        4


Dungeon Overview and Level Annotations

Branches:
Dungeon (2/15)

Altars:
Okawaru


Innate Abilities, Weirdness & Mutations

You have large cloven feet.


Message History

There is a stone staircase leading down here.
You climb downwards.
There is a stone staircase leading up here.
Sorry, I don't know how to get there.
Found a hand axe.
Found a dagger.
A dart slug comes into view.
Found 3 stones.
The dart slug launches a dart at you.
The slug dart hits you. 3 gnolls come into view.
A gnoll is wielding a +2 whip of draining.
The gnoll shouts! x3
A gnoll comes into view. It is wielding a +0 flail.
The gnoll moves out of view. x2
The gnoll shouts!
You block the gnoll's attack. x2
You hit the gnoll.
Your weapon exudes an aura of protection.
Your kick misses the gnoll.
The gnoll is moderately wounded.
You block the gnoll's attack. The gnoll barely misses you.
The gnoll completely misses you.
You hit the gnoll.
The gnoll is severely wounded.
The gnoll hits you but does no damage. The gnoll barely misses you.
The gnoll hits you but does no damage. x2; The gnoll barely misses you.
You hit the gnoll.
The gnoll is moderately wounded.
The gnoll barely misses you.
The gnoll hits you from afar with a +0 spear.
The gnoll hits you with a +0 flail!
Ouch! That really hurt!
* * * LOW HITPOINT WARNING * * *
The gnoll attacks as you move away! The gnoll hits you but does no damage.
You block the dart slug's attack. The gnoll attacks as you move away!
The gnoll hits you with a +0 flail.
* * * LOW HITPOINT WARNING * * *
The dart slug bites you.
You die...

### .(. #.. #.# #
#.########### #.
#.##.<.......
#####.####.##.########
.......g.w.##.#
###.).gg@...#
#.g######## .....
......# ######


You could see 4 gnolls and a dart slug.

Vanquished Creatures
  A ball python (D:1)
  An endoplasm (D:1)
  A giant cockroach (D:1)
  4 hobgoblins (D:1)
  A kobold (D:1)
  2 quokkas (D:1)
  A frilled lizard (D:1)
  3 goblins (D:1)
  3 rats (D:1)
17 creatures vanquished.

Notes
Turn   | Place    | Note
-------+----------+-------------------------------------------
     0 | D:1      | Quickbrownfox the Demonspawn Ice Elementalist began the
                  | quest for the Orb.
     0 | D:1      | Reached XP level 1. HP: 13/13 MP: 3/3
   451 | D:1      | Gained mutation: You have large cloven feet. [demonic
                  | ancestry]
   451 | D:1      | Reached XP level 2. HP: 19/19 MP: 3/5
   499 | D:1      | Reached skill level 4 in Ice Magic
   834 | D:1      | Found a faded altar of an unknown god.
   890 | D:1      | Prayed at the altar of an unknown god.
   890 | D:1      | Became a worshipper of Warmaster Okawaru
   890 | D:1      | Reached * piety under Okawaru
  1145 | D:2      | Slain by a dart slug

Illustrated notes

Levels and vault maps discovered:
D:1:      dpeg_arrival_shelter, layout_loops_ring, ebering_ecumenical_altar_webs
D:2:      layout_loops_ring, nrook_mini_vaults

Skill      XL: |  1  2 |
---------------+-------+-----
Dodging        | 2 |  2.0
Ice Magic      | 4 |  4.1
Fighting       | |  0.1
Stealth        | |  1.7
Unarmed Combat | |  0.1
Spellcasting   | |  2.1

Action                   || total
-------------------------++-------
Melee: Unarmed           ||    18
       Mace              ||     4
       Kick              ||     1
 Cast: Freeze            ||    23
 Stab: Sleeping          ||     1
Armor: Robe              ||     4
       Scale mail        ||     4
Dodge: Dodged            ||    25
Block: Kite shield       ||     4
